 Dungeon Crawl Stone Soup version 0.30-a0-329-g85436e0a43 (webtiles) character file.

Game seed: 4581388436720941844

86 KarmaKiller the Sneak (level 4, -2/31 (34) HPs)
             Began as a Demonspawn Brigand on Oct 28, 2022.
             Slain by a wight
             ... wielding a +4 long sword
              (10 damage)
             ... on level 4 of the Dungeon.
             The game lasted 00:18:49 (2515 turns).

KarmaKiller the Sneak (Demonspawn Brigand)          Turns: 2515, Time: 00:18:49

HP:   -2/31 (34)    AC: 14    Str: 11    XL:     4   Next: 27%
MP:   4/4           EV:  5    Int: 13    God:
Gold: 180           SH:  0    Dex: 16    Spells: 3/3 levels left

rFire   + . .      SeeInvis .    t - +3 short sword
rCold   x . .      Faith    .    (no shield)
rNeg    . . .      Spirit   .    y - +0 chain mail
rPois   .          Reflect  .    o - +1 helmet
rElec   .          Harm     .    c - +0 cloak
rCorr   .          Rampage  .    (no gloves)
Will    .....                    p - +0 pair of boots
Stlth   ..........               (no amulet)
HPRegen 0.25/turn                w - ring of fire
MPRegen 0.09/turn                (no ring)

@: drained
A: molten scales 1, demonic guardian 1, demonic magic 1
a: no special abilities


You were on level 4 of the Dungeon.
You visited 1 branch of the dungeon, and saw 4 of its levels.

You collected 180 gold pieces.

Inventory:

Hand Weapons
 a - a +2 dagger
 q - the +10 mace of Xom's Righteous Fury {vorpal, Int+4 SInv}
   (You found it on level 2 of the Dungeon)

   It inflicts extra damage upon your enemies.
   Int:       It affects your intelligence (+4).
   SInv:      It lets you see invisible.
 s - a +0 short sword of speed
 t - a +3 short sword (weapon)
 v - a +2 dagger of speed
Missiles
 d - 13 poisoned darts (quivered)
 e - 3 curare-tipped darts
Armour
 b - a +0 robe
 c - a +0 cloak (worn)
 o - a +1 helmet (worn)
 p - a +0 pair of boots (worn)
 y - a +0 chain mail (worn)
Jewellery
 w - a ring of fire (left hand)
Wands
 z - a wand of flame (21)
Scrolls
 g - a scroll of vulnerability {unknown}
 i - a scroll of torment {unknown}
 j - a scroll of noise {unknown}
 k - 2 scrolls of identify {unknown}
 m - a scroll of amnesia {unknown}
 r - a scroll of immolation {unknown}
Potions
 f - a potion of berserk rage {unknown}
 h - a potion of heal wounds {unknown}
 l - a potion of degeneration {unknown}
 n - a potion of lignification {unknown}
 u - a potion of mutation {unknown}
 x - a potion of attraction {unknown}


   Skills:
 + Level 2.3 Fighting
 + Level 2.5 Short Blades
 + Level 0.4 Maces & Flails
 + Level 2.0 Throwing
 + Level 1.4 Dodging
 + Level 4.4 Stealth


You had 3 spell levels left.
You didn't know any spells.
Your spell library contained the following spells:

 Spells                   Type           Power      Damage    Failure   Level
 Portal Projectile        Hex/Tloc       0%         N/A       100%        3
 Stone Arrow              Conj/Erth      0%         3d7       100%        3
 Tukima's Dance           Hex            0%         N/A       100%        3
 Animate Armour           Summ/Erth      0%         N/A       100%        4
 Blade Hands              Tmut           0%         N/A       100%        5
 Lehudib's Crystal Spear  Conj/Erth      0%         10d2      100%        8


Dungeon Overview and Level Annotations

Branches:
Dungeon (4/15)
 Temple: D:4-7

Altars:


Innate Abilities, Weirdness & Mutations

You are partially covered in molten scales. (AC +2)
A weak demonic guardian rushes to your aid.
Spells you cast may paralyse adjacent enemies.


Message History

The ball python is severely wounded.
The ball python bites you but does no damage.
The ball python constricts you.
You barely miss the ball python.
The ball python is severely wounded.
The ball python bites you but does no damage.
The ball python constricts you.
You puncture the ball python!
You kill the ball python!
There is an escape hatch in the floor here.
You slide downwards.
The hatch slams shut behind you.
Found a scroll labelled YLOYNU QO EGHI and a chain mail.
Found a stone staircase leading down.
Throw: 14 darts (poison)
Press: ? - help, Q - select action, (/) - cycle Shift-Dir - straight line, f - wight
Aim: a wight, wielding a +3 spear and wearing a +0 robe (62% to hit)
You throw a poisoned dart.
The poisoned dart barely misses the wight.
You see here a scroll labelled YLOYNU QO EGHI.
The wight hits you but does no damage.
You barely miss the wight.
The wight hits you with a +1 short sword.
The wight hits you but does no damage. The wight hits you with a +3 dagger.
You feel drained.
You hit the wight but do no damage.
The wight hits you with a +1 short sword.
The wight hits you from afar with a +3 spear.
You feel drained. The wight hits you with a +3 dagger!
The wight hits you with a +4 long sword.
* * * LOW HITPOINT WARNING * * *
A demonic guardian appears!
You feel drained.
* * * LOW HITPOINT WARNING * * *
Aiming: Throw Flame
Press: ? - help, Shift-Dir - straight line, f/p - wight
Aim: a wight, wielding a +3 spear and wearing a +0 robe (ally target, 68% to hit)
The puff of flame hits the wight.
The wight is moderately damaged.
The wight hits you but does no damage. The wight closely misses you.
The wight hits you with a +4 long sword!
You die...

.........#
.........#
##....[..##
#.........#
#........(#
#.....>...#
#....z....#
#..zzz5...#
##.?@....##
##.....##
#######


You could see 4 wights and a friendly ufetubus (summoned).

Vanquished Creatures
  2 adders (D:2)
  2 worms
  2 dart slugs
  6 ball pythons
  4 endoplasms
  2 giant cockroaches (D:1)
  7 goblins
  4 hobgoblins
  6 jackals (D:1)
  3 quokkas
  4 bats
  A frilled lizard (D:1)
  5 kobolds
  7 rats
55 creatures vanquished.

Notes
Turn   | Place    | Note
-------+----------+-------------------------------------------
     0 | D:1      | KarmaKiller the Demonspawn Brigand began the quest for the
                  | Orb.
     0 | D:1      | Reached XP level 1. HP: 16/16 MP: 1/1
   239 | D:1      | Reached skill level 1 in Dodging
   239 | D:1      | Gained mutation: Spells you cast may paralyse adjacent
                  | enemies. [demonic ancestry]
   239 | D:1      | Reached XP level 2. HP: 19/22 MP: 2/2
   336 | D:1      | Reached skill level 4 in Stealth
   538 | D:1      | Gained mutation: You are partially covered in molten
                  | scales. (AC +2) [demonic ancestry]
   538 | D:1      | Reached XP level 3. HP: 27/27 MP: 3/3
  1039 | D:2      | Identified the +10 mace of Xom's Righteous Fury {vorpal,
                  | Int+4 SInv}
  1904 | D:3      | Gained mutation: A weak demonic guardian rushes to your
                  | aid. [demonic ancestry]
  1904 | D:3      | Reached XP level 4. HP: 34/34 MP: 4/4
  2515 | D:4      | Slain by a wight

Illustrated notes

Levels and vault maps discovered:
D:1:      mrwooster_arrival_statue_2, layout_loops_ring, minmay_unequal
D:2:      layout_loops_cross, hangedman_decor_clover_reticule,
          minmay_statues_item
D:3:      layout_rooms
D:4:      layout_rooms, lemuel_tele_altar, serial_shops, shop, uniq_duvessa

Skill      XL: |  1  2  3 |
---------------+----------+-----
Dodging        | 1 |  1.4
Short Blades   | 2 |  2.5
Stealth        | 4 |  4.4
Throwing       | 2 |  2.0
Fighting       | |  2.3
Maces & Flails | |  0.4

Action                   |  1- 3 |  4- 6 || total
-------------------------+-------+-------++-------
Melee: Dagger            |    82 |       ||    82
       Punch             |     1 |       ||     1
       Mace              |    21 |       ||    21
       Short sword       |     7 |    43 ||    50
Throw: Dart              |    14 |     7 ||    21
Evoke: Wand              |       |     1 ||     1
 Stab: Sleeping          |     6 |       ||     6
Armor: Robe              |    34 |    14 ||    48
       Chain mail        |       |    10 ||    10
Dodge: Dodged            |    83 |    26 ||   109

Table legend: (Time is in decaauts)
 A = Elapsed time spent in this place.
 B = Non-inter-level travel time spent in this place.
 C = Inter-level travel time spent in this place.
 D = Time resting spent in this place.
 E = Time spent auto-exploring this place.
 F = Levels seen in this place.
 G = Mean time per level.
                   A        B        C        D        E       F      G
               +--------+--------+--------+--------+--------+-----+--------+
         Total |   2504 |   2504 |      0 |     18 |      0 |   4 |  626.0 |
       Dungeon |   2504 |   2504 |      0 |     18 |      0 |   4 |  626.0 |
               +--------+--------+--------+--------+--------+-----+--------+

Top non-repeatable levels by time:
     D:1: 964 daAuts
     D:2: 925 daAuts
     D:3: 609 daAuts
     D:4: 5 daAuts
